[Event "Turkish Club Cup 2019"]
[Site "Konya"]
[Date "2019.07.19"]
[Round "6"]
[White "Araboga, Mesut"]
[Black "Bedir, Bekircan"]
[Result "1/2-1/2"]
[ECO "A16"]
[WhiteElo "1648"]
[BlackElo "1858"]
[Annotator "NA"]
[PlyCount "81"]
[EventDate "2019.07.16"]
[EventType "team-tourn"]
[EventCountry "TUR"]
[SourceTitle "playchess.com"]
[Source "ChessBase"]
[SourceQuality "1"]
[TimeControl "5400+30"]

1. c4 Nf6 2. Nc3 g6 3. g3 Bg7 4. Bg2 c6 5. e4 d6 6. d3 Nbd7 7. Bd2 O-O 8. Nf3 a6 9. O-O e5 10. Bg5 Qc7 11. Rc1 Re8 12. Qd2 a5 13. h3 Nc5 14. Ne1 Ne6 15. Be3 b6 16. f4 Nd4 17. Bxd4 exd4 18. Ne2 Nd7 19. Nf3 c5 20. g4 Bb7 21. Ng3 Bc6 22. h4 Rab8 23. g5 b5 24. b3 bxc4 25. bxc4 Rb4 26. h5 Reb8 27. Rf2 a4 28. a3 Rb3 29. Ra1 Rc3 30. Ne2 Rcb3 31. h6 Bh8 32. Ra2 Qb7 33. Ng3 Rb1+ 34. Kh2 Qb3 35. Rf1 Rb2 36. Rxb2 Qxb2 37. Qa5 Qb6 38. Qd2 Qb2 39. Qa5 Qb6 40. Qd2 Qb2 41. Qa5 1/2-1/2

[Event "Turkish Club Cup 2019"]
[Site "Konya"]
[Date "2019.07.19"]
[Round "6"]
[White "Soylemez, Baris"]
[Black "Kinsiz, Onur"]
[Result "0-1"]
[ECO "E39"]
[WhiteElo "1633"]
[BlackElo "2210"]
[Annotator "NA"]
[PlyCount "130"]
[EventDate "2019.07.16"]
[EventType "team-tourn"]
[EventCountry "TUR"]
[SourceTitle "playchess.com"]
[Source "ChessBase"]
[SourceQuality "1"]
[TimeControl "5400+30"]

1. d4 Nf6 2. c4 e6 3. Nc3 Bb4 4. Qc2 c5 5. dxc5 O-O 6. Nf3 (6. a3 $5 Bxc5 7. Nf3 $11) 6... Na6 7. a3 Bxc3+ $1 8. Qxc3 Nxc5 9. Bg5 Nce4 10. Bxf6 Nxf6 11. e3 $11 b6 12. Be2 Ba6 13. Rd1 Rc8 14. Qb4 Rc5 15. Nd4 Qc8 16. Nb5 Bxb5 17. cxb5 d5 18. O-O Qc7 19. a4 Rc8 20. Bd3 e5 21. Bf5 Rd8 22. Qe1 g6 23. Bh3 Ne4 24. Rc1 Rxc1 25. Qxc1 Qxc1 26. Rxc1 d4 27. Rd1 Nc5 28. f4 d3 29. fxe5 Nxa4 30. e6 Kf8 31. b3 Nc3 32. Rd2 Ne4 33. Rd1 d2 34. Bg4 Nc3 35. exf7 Nxd1 36. Bxd1 Kxf7 37. Kf2 Kf6 38. Ke2 Ke5 39. Bc2 Rd5 40. Kd1 Kd6 41. Ke2 Kc5 42. h3 Kb4 43. e4 Rd8 44. Bd1 Kc3 45. Ke3 Kb2 46. e5 Kc1 47. Bf3 d1=Q 48. Bxd1 Kxd1 49. Ke4 Kc2 50. e6 Kxb3 51. Ke5 Kb4 52. e7 Ra8 53. Kf6 Kxb5 54. Kf7 a5 55. e8=Q+ Rxe8 56. Kxe8 a4 57. Kf7 a3 58. Kg7 a2 59. Kxh7 a1=Q 60. Kxg6 Qf1 61. g4 Qxh3 62. g5 Qh8 63. Kf7 Qh7+ 64. Kf6 Kc5 65. g6 Qg8 0-1

[Event "Turkish Club Cup 2019"]
[Site "Konya"]
[Date "2019.07.19"]
[Round "6"]
[White "Ultanir, Guray"]
[Black "Taskin, Arda"]
[Result "1/2-1/2"]
[ECO "C00"]
[WhiteElo "1601"]
[BlackElo "1723"]
[Annotator "NA"]
[PlyCount "83"]
[EventDate "2019.07.16"]
[EventType "team-tourn"]
[EventCountry "TUR"]
[SourceTitle "playchess.com"]
[Source "ChessBase"]
[SourceQuality "1"]
[TimeControl "5400+30"]

1. e4 e6 2. Nf3 d5 3. e5 c5 4. b4 b6 5. a3 cxb4 6. d4 Ba6 7. Bd3 Qc7 8. Bxa6 Nxa6 9. axb4 Nxb4 10. c3 Nc6 11. Ba3 Be7 12. Qa4 a6 13. O-O b5 14. Qc2 Nh6 15. Nbd2 O-O 16. Rfb1 Rfc8 17. Qd3 Rcb8 18. Bxe7 Qxe7 19. Nb3 a5 20. Nc5 b4 21. Na6 Rb6 22. Nxb4 Nxb4 23. cxb4 Rxb4 24. Rc1 Qb7 25. Ra3 Qb5 26. Qxb5 Rxb5 27. Kf1 g6 28. Rca1 Nf5 29. g4 Ne7 30. R1a2 Nc6 31. Ke2 Rb4 32. Kd3 Rc4 33. Ra1 Rb8 34. Rc3 Rbb4 35. Rxc4 dxc4+ 36. Ke4 Rb2 37. Rc1 Rb4 38. Nd2 c3 39. Rxc3 Nxd4 40. Rc4 Nc6 41. Rxb4 axb4 42. f4 1/2-1/2

[Event "Turkish Club Cup 2019"]
[Site "Konya"]
[Date "2019.07.19"]
[Round "6"]
[White "Canakay, Ahmet"]
[Black "Yatkin, Osman"]
[Result "1-0"]
[ECO "B23"]
[WhiteElo "1583"]
[BlackElo "1692"]
[Annotator "NA"]
[PlyCount "105"]
[EventDate "2019.07.16"]
[EventType "team-tourn"]
[EventCountry "TUR"]
[SourceTitle "playchess.com"]
[Source "ChessBase"]
[SourceQuality "1"]
[TimeControl "5400+30"]

1. e4 c5 2. Nc3 d6 3. Bb5+ Nd7 4. f4 a6 5. Bxd7+ Bxd7 6. Nf3 e6 7. O-O Ne7 8. d4 cxd4 9. Qxd4 Nc6 10. Qf2 Be7 11. a4 Rb8 12. Be3 b5 13. axb5 axb5 14. Nd4 b4 15. Nce2 O-O 16. Qf3 Bf6 17. e5 Nxd4 18. Bxd4 Be7 19. Rfd1 d5 20. g4 Rc8 21. Rd2 f6 22. Qe3 fxe5 23. Qxe5 Bf6 24. Qe3 Rc4 25. c3 bxc3 26. bxc3 Re8 27. Ra7 Bxd4 28. Nxd4 Rc7 29. Rda2 Qb8 30. Rxc7 Qxc7 31. Nf3 Qb8 32. Rf2 Qb1+ 33. Kg2 Qe4 34. Qxe4 dxe4 35. Ne5 Bc8 36. Rb2 Ba6 37. Kf2 Rc8 38. Rb6 Bd3 39. Rxe6 Kf8 40. Rc6 Rxc6 41. Nxc6 Ke8 42. Ne5 Bc2 43. Ke3 Ke7 44. g5 Kd6 45. Nc4+ Kc5 46. Nd2 Kd5 47. c4+ Kc5 48. f5 Ba4 49. Kxe4 Kd6 50. h4 Bc6+ 51. Kf4 Kc5 52. Ke5 Bd7 53. f6 1-0

[Event "Turkish Club Cup 2019"]
[Site "Konya"]
[Date "2019.07.19"]
[Round "6"]
[White "Alev, Gonulden Seda"]
[Black "Kiziltas, Ece Su"]
[Result "0-1"]
[ECO "B15"]
[WhiteElo "1579"]
[BlackElo "1400"]
[Annotator "NA"]
[PlyCount "114"]
[EventDate "2019.07.16"]
[EventType "team-tourn"]
[EventCountry "TUR"]
[SourceTitle "playchess.com"]
[Source "ChessBase"]
[SourceQuality "1"]
[TimeControl "5400+30"]

1. e4 g6 2. d4 Bg7 3. Nc3 c6 4. f4 d5 5. e5 h5 6. Nf3 Bg4 7. h3 Bxf3 8. Qxf3 e6 9. Be3 h4 10. Bd3 Nh6 11. Ne2 Nf5 12. b3 Bf8 13. Bd2 Qb6 14. Qf2 Na6 15. c3 Be7 16. O-O O-O-O 17. a4 Qc7 18. b4 Nb8 19. b5 c5 20. a5 c4 21. Bc2 Bf8 22. Rfb1 Qe7 23. Bc1 Qe8 24. Ba4 Nd7 25. Qe1 Be7 26. Qd2 Qf8 27. Qa2 Qg7 28. Bc2 Rdg8 29. Ba4 Qf8 30. b6 a6 31. Ba3 Bxa3 32. Qxa3 Qxa3 33. Rxa3 g5 34. Ra2 g4 35. Kf2 gxh3 36. gxh3 Rg7 37. Bc2 Ng3 38. Kf3 Nxe2 39. Kxe2 Rg2+ 40. Kf1 Rhg8 41. Rab2 R2g3 42. Bd1 Rxh3 43. Rg2 Rxg2 44. Kxg2 Rxc3 45. Bh5 f6 46. Bf7 fxe5 47. Bxe6 exd4 48. Bxd5 d3 49. Bf3 Rc2+ 50. Kh3 d2 51. Rd1 c3 52. Be4 Rb2 53. Rg1 Nf6 54. Bf5+ Kd8 55. Kxh4 c2 56. Bxc2 Rxc2 57. Rd1 Ne4 0-1

[Event "Turkish Club Cup 2019"]
[Site "Konya"]
[Date "2019.07.19"]
[Round "6"]
[White "Acar, Eren"]
[Black "Aydin, Gulenay"]
[Result "0-1"]
[ECO "A05"]
[WhiteElo "1539"]
[BlackElo "1934"]
[Annotator "NA"]
[PlyCount "36"]
[EventDate "2019.07.16"]
[EventType "team-tourn"]
[EventCountry "TUR"]
[SourceTitle "playchess.com"]
[Source "ChessBase"]
[SourceQuality "1"]
[TimeControl "5400+30"]

1. a3 Nf6 2. Nf3 g6 3. d4 Bg7 4. Bf4 O-O 5. c4 d6 6. Nc3 Nbd7 7. Qd2 Re8 8. Bh6 e5 9. d5 Nc5 10. Bxg7 Kxg7 11. Rd1 e4 12. Nd4 e3 13. Qc2 Ng4 14. b4 exf2+ 15. Kd2 Ne3 16. Qb1 Nxc4+ 17. Kc1 Qg5+ 18. Kc2 Nxa3+ 0-1

[Event "Turkish Club Cup 2019"]
[Site "Konya"]
[Date "2019.07.19"]
[Round "6"]
[White "Ozgur, Sina"]
[Black "Yaman, Sila"]
[Result "0-1"]
[ECO "E43"]
[WhiteElo "1524"]
[BlackElo "1381"]
[Annotator "NA"]
[PlyCount "86"]
[EventDate "2019.07.16"]
[EventType "team-tourn"]
[EventCountry "TUR"]
[SourceTitle "playchess.com"]
[Source "ChessBase"]
[SourceQuality "1"]
[TimeControl "5400+30"]

1. d4 Nf6 2. c4 e6 3. Nc3 Bb4 4. e3 b6 5. Bd3 Bb7 6. f3 c5 7. Nge2 cxd4 8. exd4 O-O 9. O-O d5 10. Bg5 Be7 11. Rc1 dxc4 12. Bxc4 Nbd7 13. Qb3 a6 14. a4 Ne8 15. Bxe7 Qxe7 16. Ne4 Nef6 17. N2g3 Nd5 18. Rfe1 Rfd8 19. Kh1 Rab8 20. Nc3 N7f6 21. Re5 Qd6 22. Nge4 Nxe4 23. fxe4 Nxc3 24. bxc3 Re8 25. Bd3 f6 26. Rh5 Qf4 27. Rf1 Qd2 28. Rh3 b5 29. axb5 axb5 30. d5 exd5 31. exd5 Re1 32. Bxh7+ Kf8 33. Qb4+ Kf7 34. Bd3 Bxd5 35. Rg3 Rbe8 36. Qg4 Qf2 37. Qxg7+ Ke6 38. Qg4+ Kd6 39. Qb4+ Kc6 40. Qxb5+ Kd6 41. Qa6+ Ke5 42. Qb5 Rh8 43. c4 Rxf1+ 0-1

[Event "Turkish Club Cup 2019"]
[Site "Konya"]
[Date "2019.07.19"]
[Round "6"]
[White "Tuncer, Duru"]
[Black "Demir, Aleyna"]
[Result "1-0"]
[ECO "B01"]
[WhiteElo "1520"]
[BlackElo "1354"]
[Annotator "NA"]
[PlyCount "97"]
[EventDate "2019.07.16"]
[EventType "team-tourn"]
[EventCountry "TUR"]
[SourceTitle "playchess.com"]
[Source "ChessBase"]
[SourceQuality "1"]
[TimeControl "5400+30"]

1. e4 d5 2. exd5 Qxd5 3. Nc3 Qa5 4. Bc4 c6 5. d3 Nf6 6. h3 Bf5 7. Nf3 Qc7 8. O-O Nbd7 9. Re1 e6 10. Nd4 O-O-O 11. Nxf5 exf5 12. Bxf7 Bc5 13. Qf3 g6 14. Be6 Nh5 15. Be3 Bxe3 16. Qxe3 Kb8 17. Bxd7 Rxd7 18. Qe5 Rhd8 19. Qxc7+ Kxc7 20. g3 Nf6 21. Re6 Nd5 22. Nxd5+ Rxd5 23. Rae1 Rc5 24. R1e2 Ra5 25. a3 Rb5 26. b3 Rc5 27. f4 Rcd5 28. Kf2 R8d6 29. Re7+ Rd7 30. Rxd7+ Kxd7 31. Re3 Rc5 32. c4 Ra5 33. a4 Kd6 34. d4 Ra6 35. Ke2 Kd7 36. Kd3 Rb6 37. Kc3 a5 38. Re5 Ra6 39. g4 fxg4 40. hxg4 b6 41. f5 gxf5 42. Rxf5 Ke7 43. Rh5 Kf6 44. Rxh7 Kg5 45. Rg7+ Kf6 46. Rc7 b5 47. cxb5 cxb5 48. axb5 Rb6 49. Rc6+ 1-0

[Event "Turkish Club Cup 2019"]
[Site "Konya"]
[Date "2019.07.19"]
[Round "6"]
[White "Efendioglu, Ahmet"]
[Black "Akin, Batikan Aybey"]
[Result "1/2-1/2"]
[ECO "A40"]
[WhiteElo "1511"]
[BlackElo "1610"]
[Annotator "NA"]
[PlyCount "61"]
[EventDate "2019.07.16"]
[EventType "team-tourn"]
[EventCountry "TUR"]
[SourceTitle "playchess.com"]
[Source "ChessBase"]
[SourceQuality "1"]
[TimeControl "5400+30"]

1. d4 b5 2. Bf4 Bb7 3. Nf3 e6 4. e3 a6 5. Bd3 c5 6. c3 Nf6 7. Nbd2 d5 8. O-O c4 9. Bc2 Bd6 10. Bxd6 Qxd6 11. Qe2 Ne4 12. Nxe4 dxe4 13. Nd2 f5 14. b3 cxb3 15. axb3 Nd7 16. c4 Bc6 17. f4 exf3 18. Nxf3 Nf6 19. cxb5 Bxf3 20. gxf3 a5 21. Qd2 O-O 22. Rxa5 Rxa5 23. Qxa5 f4 24. Qd2 Nd5 25. exf4 Nxf4 26. Be4 Rb8 27. Rd1 Rxb5 28. Kh1 g6 29. Qc2 Kg7 30. Qc4 Rb4 31. Qc5 1/2-1/2

[Event "Turkish Club Cup 2019"]
[Site "Konya"]
[Date "2019.07.19"]
[Round "6"]
[White "Yilmaz, Seyma"]
[Black "Asan, Elvan"]
[Result "1-0"]
[ECO "D02"]
[WhiteElo "1500"]
[BlackElo "1760"]
[Annotator "NA"]
[PlyCount "75"]
[EventDate "2019.07.16"]
[EventType "team-tourn"]
[EventCountry "TUR"]
[SourceTitle "playchess.com"]
[Source "ChessBase"]
[SourceQuality "1"]
[TimeControl "5400+30"]

1. d4 d5 2. Nf3 c6 3. e3 Bg4 4. b3 Nd7 5. Bb2 e6 6. Bd3 Ngf6 7. Nbd2 Bb4 8. a3 Bd6 9. h3 Bxf3 10. Qxf3 Qe7 11. O-O O-O 12. e4 e5 13. Rfe1 exd4 14. exd5 Ne5 15. Qd1 Nxd5 16. Nc4 Nf4 17. Nxd6 Qxd6 18. Bf1 c5 19. Re4 Neg6 20. Qf3 b6 21. g3 Ne6 22. h4 Rae8 23. Rae1 f5 24. Rxe6 Rxe6 25. Rxe6 Ne5 26. Rxd6 Nxf3+ 27. Kh1 Re8 28. Bc4+ Kf8 29. Re6 Rd8 30. Bc1 h6 31. Kg2 d3 32. Bxd3 Nd4 33. Re3 g6 34. Bb2 Rd6 35. a4 Ne6 36. Bc4 Nd4 37. Bxd4 Rxd4 38. Bd3 1-0

[Event "Turkish Club Cup 2019"]
[Site "Konya"]
[Date "2019.07.19"]
[Round "6"]
[White "Aslan, Lina"]
[Black "Bicaklioglu, Dilara"]
[Result "0-1"]
[ECO "C54"]
[WhiteElo "1493"]
[BlackElo "1305"]
[Annotator "NA"]
[PlyCount "80"]
[EventDate "2019.07.16"]
[EventType "team-tourn"]
[EventCountry "TUR"]
[SourceTitle "playchess.com"]
[Source "ChessBase"]
[SourceQuality "1"]
[TimeControl "5400+30"]

1. e4 e5 2. Nf3 Nc6 3. Bc4 Bc5 4. c3 Nf6 5. d3 O-O 6. O-O a6 7. a4 d6 8. Nbd2 Ba7 9. h3 Ne7 10. Re1 Ng6 11. Nf1 c6 12. Ng3 h6 13. Nf5 Bxf5 14. exf5 Ne7 15. Nh4 Qd7 16. Qf3 d5 17. Ba2 e4 18. dxe4 dxe4 19. Qf4 Bb8 20. Qd2 Qc8 21. Ng6 Re8 22. Qd4 Nxf5 23. Qd1 Ba7 24. Be3 Nxe3 25. fxe3 Qf5 26. Nh4 Qg5 27. Nf3 Bxe3+ 28. Kh1 exf3 29. Qxf3 Ba7 30. Red1 Re3 31. Qf1 Rae8 32. Re1 Rxe1 33. Rxe1 Rxe1 34. Qxe1 Qe3 35. Qd1 Bb6 36. Qf1 Qf2 37. Qc1 Ne4 38. Bb1 Ng3+ 39. Kh2 Nf1+ 40. Kh1 Qg1# 0-1

[Event "Turkish Club Cup 2019"]
[Site "Konya"]
[Date "2019.07.19"]
[Round "6"]
[White "Uzgur, Arda"]
[Black "Erten, Erce"]
[Result "1-0"]
[ECO "B38"]
[WhiteElo "1480"]
[BlackElo "1225"]
[Annotator "NA"]
[PlyCount "75"]
[EventDate "2019.07.16"]
[EventType "team-tourn"]
[EventCountry "TUR"]
[SourceTitle "playchess.com"]
[Source "ChessBase"]
[SourceQuality "1"]
[TimeControl "5400+30"]

1. e4 c5 2. c4 Nc6 3. Ne2 g6 4. d4 cxd4 5. Nxd4 Bg7 6. Be3 d6 7. Nc3 a6 8. Be2 Nf6 9. f3 Bd7 10. Qd2 Qc7 11. O-O O-O 12. Rac1 Rac8 13. Rfd1 Rfe8 14. Nd5 Qd8 15. Nxc6 Bxc6 16. Bd4 Nd7 17. Be3 Bxd5 18. exd5 Nf6 19. b4 Qd7 20. c5 dxc5 21. bxc5 Red8 22. c6 bxc6 23. dxc6 Qxd2 24. Rxd2 Rxd2 25. Bxd2 Nd5 26. Bxa6 Ra8 27. Bc4 Bd4+ 28. Kf1 Ne3+ 29. Ke2 Nxc4 30. Rxc4 Bb6 31. Rb4 Bc7 32. a4 Bxh2 33. f4 Bg1 34. c7 Ba7 35. Rb7 Kg7 36. Rxa7 Rc8 37. Ba5 h5 38. Rb7 1-0

[Event "Turkish Club Cup 2019"]
[Site "Konya"]
[Date "2019.07.19"]
[Round "6"]
[White "Karasakal, Deniz"]
[Black "Gur, Tuba"]
[Result "0-1"]
[ECO "B22"]
[WhiteElo "1430"]
[BlackElo "1747"]
[Annotator "NA"]
[PlyCount "142"]
[EventDate "2019.07.16"]
[EventType "team-tourn"]
[EventCountry "TUR"]
[SourceTitle "playchess.com"]
[Source "ChessBase"]
[SourceQuality "1"]
[TimeControl "5400+30"]

1. e4 c5 2. c3 e6 3. d4 cxd4 4. cxd4 Nf6 5. e5 Nd5 6. Nf3 Qc7 7. Bd2 Nc6 8. Nc3 Nxc3 9. bxc3 d6 10. exd6 Bxd6 11. Bd3 b6 12. Qe2 Ne7 13. Be4 Bb7 14. Bxb7 Qxb7 15. O-O O-O 16. Ne5 Rac8 17. f4 Qd5 18. Qf3 Qxf3 19. Rxf3 Bxe5 20. fxe5 Rc4 21. a4 Nd5 22. Kf2 Rfc8 23. Ra3 Kf8 24. Ke2 Ke8 25. Kd3 R8c7 26. Rh3 h6 27. Rg3 Kf8 28. Rg4 Ne7 29. Re4 Nf5 30. Be1 g6 31. g4 Ne7 32. Kc2 Rb4 33. Bd2 Kg7 34. Kd3 Rbc4 35. h3 g5 36. h4 gxh4 37. g5 h5 38. Rxh4 Kg6 39. Ra1 Nf5 40. Rh3 Rc8 41. Ke4 Rd8 42. Rd3 Rd5 43. Be3 Ra5 44. Kf4 Rcxa4 45. Rxa4 Rxa4 46. Rd1 Nxe3 47. Kxe3 Kxg5 48. Rg1+ Kh6 49. Rf1 Rc4 50. Rxf7 Rxc3+ 51. Kd2 Rc6 52. Rxa7 h4 53. Ra3 Kg5 54. Ke1 Kg4 55. Kf2 Rc2+ 56. Kg1 h3 57. Ra8 Kf5 58. Rh8 h2+ 59. Kh1 b5 60. Rb8 Rb2 61. Rb6 b4 62. Rb7 b3 63. Rb6 Ke4 64. Rb4 Kd5 65. Rb6 Kxd4 66. Rb5 Rb1+ 67. Kxh2 Kc4 68. Rb8 Re1 69. Kg3 Rxe5 70. Kf3 Rb5 71. Rc8+ Kb4 0-1

[Event "Turkish Club Cup 2019"]
[Site "Konya"]
[Date "2019.07.19"]
[Round "6"]
[White "Yalcin, Nehir"]
[Black "Sural, Ceren"]
[Result "1/2-1/2"]
[ECO "B01"]
[WhiteElo "1392"]
[BlackElo "1622"]
[Annotator "NA"]
[PlyCount "112"]
[EventDate "2019.07.16"]
[EventType "team-tourn"]
[EventCountry "TUR"]
[SourceTitle "playchess.com"]
[Source "ChessBase"]
[SourceQuality "1"]
[TimeControl "5400+30"]

1. e4 d5 2. exd5 Qxd5 3. Nc3 Qd8 4. d4 Nf6 5. Nf3 Bg4 6. Be2 e6 7. h3 Bxf3 8. Bxf3 c6 9. a3 Nbd7 10. Be3 Nb6 11. Qd3 Be7 12. O-O-O a6 13. g4 Nfd5 14. Bd2 Nxc3 15. Qxc3 Nd5 16. Qd3 a5 17. Be4 Nf6 18. Bg2 Qc7 19. f4 b6 20. Rhf1 O-O-O 21. g5 Ne8 22. f5 exf5 23. Qxf5+ Rd7 24. Qe4 Kb7 25. Be3 Nd6 26. Qf3 f6 27. h4 fxg5 28. hxg5 Bd8 29. Qg4 Re7 30. Bf4 Qd7 31. Qg3 Nf5 32. Qd3 Rf8 33. d5 Ka7 34. dxc6 Qxd3 35. Rxd3 Bc7 36. Bxc7 Rxc7 37. Be4 g6 38. Rfd1 Rfc8 39. Rd7 Kb8 40. Rh1 Ng3 41. Rh4 Nxe4 42. Rxe4 Rxd7 43. cxd7 Rd8 44. Re7 Kc7 45. Rxh7 Rxd7 46. Rh6 Rd6 47. c3 Kc6 48. Kc2 Kc5 49. b4+ axb4 50. axb4+ Kd5 51. Rh1 Ke5 52. Rf1 Rc6 53. Kb3 b5 54. Rf3 Rd6 55. c4 Ke4 56. Rf6 Rd3+ 1/2-1/2

[Event "Turkish Club Cup 2019"]
[Site "Konya"]
[Date "2019.07.19"]
[Round "6"]
[White "Yalcin, Sudenaz"]
[Black "Kucuk, Aybike"]
[Result "0-1"]
[ECO "B44"]
[WhiteElo "1371"]
[BlackElo "1266"]
[Annotator "NA"]
[PlyCount "113"]
[EventDate "2019.07.16"]
[EventType "team-tourn"]
[EventCountry "TUR"]
[SourceTitle "playchess.com"]
[Source "ChessBase"]
[SourceQuality "1"]
[TimeControl "5400+30"]

1. e4 c5 2. Nf3 e6 3. c4 Nc6 4. d4 cxd4 5. Nxd4 Nge7 6. Nc3 g6 7. f3 Bg7 8. Be3 a6 9. Be2 d6 10. Qd2 Bd7 11. O-O O-O 12. Rfc1 Rc8 13. Bf1 Ne5 14. b3 Re8 15. Qf2 N7c6 16. Rab1 Nb4 17. Rd1 Qe7 18. a3 Nbc6 19. Nxc6 Nxc6 20. Na4 f5 21. Nb6 Rcd8 22. Qg3 Be5 23. f4 Bg7 24. exf5 exf5 25. Nd5 Qf7 26. Be2 Nd4 27. Bxd4 Bxd4+ 28. Rxd4 Rxe2 29. Qg5 Rf8 30. Rbd1 Qe6 31. Qh4 Bc6 32. R4d3 Bxd5 33. cxd5 Qe4 34. Qg3 Re8 35. Qf3 Qxf3 36. Rxf3 Ra2 37. a4 Ree2 38. Rg3 Rf2 39. Re1 Rxf4 40. Rge3 Rff2 41. Re8+ Kg7 42. R1e7+ Kf6 43. Re6+ Kg5 44. Rxd6 Rxg2+ 45. Kh1 Rxh2+ 46. Kg1 Rhd2 47. Re1 Rg2+ 48. Kh1 Rh2+ 49. Kg1 Rag2+ 50. Kf1 Rh1+ 51. Kxg2 Rxe1 52. Kf2 Re7 53. b4 Kf4 54. Re6 Rd7 55. d6 g5 56. Ke2 g4 57. Kf2 0-1

[Event "Turkish Club Cup 2019"]
[Site "Konya"]
[Date "2019.07.19"]
[Round "6"]
[White "Gul, Zeynep"]
[Black "Hekimoglu, Mihriban"]
[Result "1/2-1/2"]
[ECO "D12"]
[WhiteElo "1359"]
[BlackElo "1440"]
[Annotator "NA"]
[PlyCount "85"]
[EventDate "2019.07.16"]
[EventType "team-tourn"]
[EventCountry "TUR"]
[SourceTitle "playchess.com"]
[Source "ChessBase"]
[SourceQuality "1"]
[TimeControl "5400+30"]

1. Nf3 d5 2. d4 Nf6 3. e3 Bf5 4. c4 c6 5. Nc3 e6 6. Be2 Bd6 7. O-O h6 8. b3 O-O 9. Bb2 Nbd7 10. h3 Ne4 11. Nxe4 dxe4 12. Nd2 Qg5 13. Bg4 Nf6 14. Bxf5 exf5 15. Re1 f4 16. exf4 Qxf4 17. Nf1 g5 18. Qd2 Qf5 19. d5 Rfe8 20. Bxf6 Qxf6 21. dxc6 bxc6 22. Rad1 Rad8 23. Qe3 Qe5 24. Qg3 Qxg3 25. Nxg3 Bxg3 26. fxg3 f5 27. g4 fxg4 28. Rxd8 Rxd8 29. Rxe4 gxh3 30. gxh3 Kf7 31. Re3 Kf6 32. a3 a5 33. b4 axb4 34. axb4 Rb8 35. Rb3 Ke5 36. Re3+ Kd4 37. Re6 Rxb4 38. Rxc6 Rxc4 39. Rxh6 Ke3 40. Kg2 Rh4 41. Rxh4 gxh4 42. Kg1 Kf3 43. Kh2 1/2-1/2

[Event "Turkish Club Cup 2019"]
[Site "Konya"]
[Date "2019.07.19"]
[Round "6"]
[White "Ozturk, Nil"]
[Black "Dogan, Eylem Su"]
[Result "0-1"]
[ECO "B31"]
[WhiteElo "1345"]
[BlackElo "1285"]
[Annotator "NA"]
[PlyCount "66"]
[EventDate "2019.07.16"]
[EventType "team-tourn"]
[EventCountry "TUR"]
[SourceTitle "playchess.com"]
[Source "ChessBase"]
[SourceQuality "1"]
[TimeControl "5400+30"]

1. e4 c5 2. Nf3 Nc6 3. Bb5 Nf6 4. e5 Nd5 5. O-O g6 6. Re1 Bg7 7. c3 O-O 8. d4 cxd4 9. cxd4 Qb6 10. Bc4 Nc7 11. Nc3 Qb4 12. Qb3 Qxb3 13. Bxb3 d6 14. h3 dxe5 15. dxe5 Be6 16. Bf4 Bxb3 17. axb3 Ne6 18. Bg3 Ned4 19. Nxd4 Nxd4 20. Rad1 Rfd8 21. b4 Rd7 22. e6 fxe6 23. Rxe6 Rad8 24. Ree1 Kf8 25. Kf1 Nc2 26. Rxd7 Rxd7 27. Re4 Rd4 28. Rxd4 Nxd4 29. Bb8 Nc6 30. Bf4 Nxb4 31. Ke2 Ke8 32. Kd2 Kd7 33. b3 Bxc3+ 0-1

[Event "Turkish Club Cup 2019"]
[Site "Konya"]
[Date "2019.07.19"]
[Round "6"]
[White "Cankurtaran, Merve"]
[Black "Haktanirlar, Zeren"]
[Result "1-0"]
[ECO "D11"]
[WhiteElo "1335"]
[BlackElo "1294"]
[Annotator "NA"]
[PlyCount "109"]
[EventDate "2019.07.16"]
[EventType "team-tourn"]
[EventCountry "TUR"]
[SourceTitle "playchess.com"]
[Source "ChessBase"]
[SourceQuality "1"]
[TimeControl "5400+30"]

1. d4 d5 2. Nf3 Nf6 3. g3 Bf5 4. Bg2 h6 5. O-O e6 6. c4 c6 7. Qb3 Qc8 8. Nc3 Bd6 9. Nd2 Nbd7 10. e4 dxe4 11. Ndxe4 Nxe4 12. Nxe4 Bxe4 13. Bxe4 Nf6 14. Bg2 O-O 15. f4 Rd8 16. Qf3 Bc7 17. Be3 Bb6 18. Rad1 c5 19. d5 exd5 20. cxd5 Rd6 21. Rf2 Qd7 22. Rfd2 Rd8 23. h3 c4 24. Bxb6 axb6 25. b3 b5 26. b4 Ra8 27. a3 Rd8 28. g4 Qc7 29. f5 Ra8 30. Qc3 Qb6+ 31. Kf1 Qa6 32. Ra1 Rad8 33. Rad1 Qb6 34. Rd4 Kf8 35. a4 Rc8 36. a5 Qc7 37. Re1 Qd7 38. Re5 Re8 39. Rd2 Rxe5 40. Qxe5 Qe7 41. Qxe7+ Kxe7 42. Ke2 Kd7 43. Ke3 Kc7 44. Kd4 Rd8 45. Kc5 Nd7+ 46. Kxb5 Ne5 47. Be4 f6 48. Kc5 Rd6 49. b5 Kd7 50. Ra2 Kc7 51. b6+ Kd7 52. a6 bxa6 53. b7 Kc7 54. b8=Q+ Kxb8 55. Kxd6 1-0

[Event "Turkish Club Cup 2019"]
[Site "Konya"]
[Date "2019.07.19"]
[Round "6"]
[White "Acar, Selen"]
[Black "Yurdakul, Didem Nuray"]
[Result "1/2-1/2"]
[ECO "D35"]
[WhiteElo "1283"]
[BlackElo "1779"]
[Annotator "NA"]
[PlyCount "65"]
[EventDate "2019.07.16"]
[EventType "team-tourn"]
[EventCountry "TUR"]
[SourceTitle "playchess.com"]
[Source "ChessBase"]
[SourceQuality "1"]
[TimeControl "5400+30"]

1. d4 d5 2. c4 e6 3. Nc3 Nf6 4. Bg5 Be7 5. Nf3 O-O 6. e3 Nbd7 7. cxd5 exd5 8. Be2 c6 9. a4 Re8 10. O-O Nf8 11. h3 Bf5 12. Bd3 Bxd3 13. Qxd3 Ne6 14. Bh4 g6 15. Ne2 Ne4 16. Bxe7 Qxe7 17. Nh2 Qh4 18. f3 Ng3 19. Nxg3 Qxg3 20. Ng4 Kg7 21. Qd2 Ng5 22. Kh1 Re7 23. e4 Qh4 24. e5 h5 25. Nf6 Ne6 26. Rad1 Qf4 27. Rf2 Qxd2 28. Rfxd2 Kh6 29. g3 Ng5 30. Kg2 Nh7 31. Nxh7 Kxh7 32. f4 Kg7 33. g4 1/2-1/2

[Event "Turkish Club Cup 2019"]
[Site "Konya"]
[Date "2019.07.20"]
[Round "7"]
[White "Mollaoglu, Ergin"]
[Black "Aslan, Onat Ugur"]
[Result "1-0"]
[ECO "E16"]
[WhiteElo "2309"]
[BlackElo "1747"]
[Annotator "NA"]
[PlyCount "85"]
[EventDate "2019.07.16"]
[EventType "team-tourn"]
[EventCountry "TUR"]
[SourceTitle "playchess.com"]
[Source "ChessBase"]
[SourceQuality "1"]
[TimeControl "5400+30"]

1. d4 Nf6 2. Nf3 e6 3. c4 b6 4. g3 Bb7 5. Bg2 Bb4+ 6. Nbd2 O-O 7. O-O d5 8. Ne5 Bxd2 9. Bxd2 Ne4 10. Be3 Nd7 11. Qc2 Nxe5 12. dxe5 Qe7 13. Rac1 Rfd8 14. cxd5 exd5 15. f3 Nc5 16. Bxc5 bxc5 17. Qxc5 Qxe5 18. e3 Re8 19. Rfe1 c6 20. b3 Re6 21. f4 Qh5 22. e4 Rh6 23. exd5 Qxh2+ 24. Kf2 Rg6 25. Qe3 h5 26. Rh1 Qxh1 27. Bxh1 cxd5 28. Qe7 Bc6 29. Qc7 Bb5 30. Bxd5 Rf8 31. Qxa7 Rf6 32. a4 Bd3 33. Qd4 Bh7 34. Rc6 Rf5 35. Be4 Ra5 36. Bxh7+ Kxh7 37. Rc5 Raa8 38. Rxh5+ Kg8 39. Rg5 g6 40. a5 Rfc8 41. Rc5 Rd8 42. Rd5 Rdc8 43. b4 1-0

[Event "Turkish Club Cup 2019"]
[Site "Konya"]
[Date "2019.07.20"]
[Round "7"]
[White "Kinsiz, Onur"]
[Black "Taskiran, Recep"]
[Result "1/2-1/2"]
[ECO "B51"]
[WhiteElo "2210"]
[BlackElo "1898"]
[Annotator "ChessBase"]
[PlyCount "77"]
[EventDate "2019.07.16"]
[EventType "team-tourn"]
[EventCountry "TUR"]
[SourceTitle "playchess.com"]
[Source "ChessBase"]
[SourceQuality "1"]
[TimeControl "5400+30"]

1. e4 c5 2. Nf3 d6 3. Bb5+ Nd7 4. c3 a6 5. Ba4 Ngf6 6. Qe2 b5 7. Bc2 Ne5 8. d3 Nxf3+ 9. Qxf3 e5 10. Nd2 Be7 11. h3 O-O 12. Nf1 d5 13. Ng3 g6 14. O-O d4 15. Bb3 Ne8 16. Bd5 Rb8 17. cxd4 cxd4 18. Bh6 Ng7 19. Rfc1 Bg5 20. Bxg5 Qxg5 21. Rc6 a5 22. Rac1 Bd7 23. R6c2 h5 24. Ne2 h4 25. Kh2 Ne6 26. Qg4 Qh6 27. Ng1 Qf4+ 28. g3 Qf6 29. Qf3 Qe7 30. Qe2 Kg7 31. Nf3 hxg3+ 32. fxg3 Rh8 33. h4 Rh5 34. Kg1 Rbh8 35. Qf2 Qf6 36. Rf1 Qe7 37. Rfc1 Qf6 38. Rf1 Qe7 39. Rfc1 1/2-1/2